AA
CLEBURNE RAILROADERS @ GARY SOUTHSHORE RAILCATS
04/28/2099
 
TOP OF THE 1ST
Kansas City T-Bones batting - Pitching for Lincoln Saltdogs : RHP Manny Rodriguez
Pitching: RHP Manny Rodriguez
Batting: RHB Eric Webber 0-0: Called Strike
0-1: Called Strike
0-2: Ball
1-2: Ground out 6-3 (Groundball, 6, EV 100.0 MPH)
Batting: LHB Daniel Iglesias 0-0: Ball
1-0: Swinging Strike
1-1: SOLO HOME RUN (Flyball, 78XD, EV 110.6 MPH), Distance : 450 ft
Batting: SHB David Janecek 0-0: Called Strike
0-1: Called Strike
0-2: Ball
1-2: Ball
2-2: Strikes out swinging
Batting: LHB Nate Wamsley 0-0: Fly out, F7 (Flyball, 78M, EV 80.6 MPH)
Top of the 1st over - 1 run, 1 hit, 0 errors, 0 left on base; Kansas City 1 - Lincoln 0
BOTTOM OF THE 1ST
Lincoln Saltdogs batting - Pitching for Kansas City T-Bones : RHP Esteban Ibarra
Pitching: RHP Esteban Ibarra
Batting: RHB Omar Soliz 0-0: Ball
1-0: Ball
2-0: Called Strike
2-1: Ball
3-1: Called Strike
3-2: SOLO HOME RUN (Flyball, 9D, EV 93.1 MPH), Distance : 363 ft
Batting: RHB Jerry Warren 0-0: Ball
1-0: SINGLE (Groundball, 56, EV 102.5 MPH)
Batting: SHB Chris Klapp 0-0: Called Strike
0-1: Ball
1-1: Fly out, F7 (Flyball, 7, EV 85.6 MPH)
Lined into DP, 7-3 (Flyball, 7, EV 85.6 MPH)
Batting: SHB Salvador Coll 0-0: Swinging Strike
0-1: SINGLE (Line Drive, 34D, EV 95.0 MPH)
Batting: RHB Shawn Homes 0-0: Ball
1-0: Ball
2-0: Called Strike
2-1: SINGLE (Groundball, 56D, EV 101.3 MPH)
Salvador Coll to second
Batting: LHB Bill Wilkins 0-0: Called Strike
0-1: Ball
1-1: Ball
2-1: Called Strike
2-2: Ball
3-2: Ground out 4-3 (Groundball, 4, EV 88.8 MPH)
Bottom of the 1st over - 1 run, 4 hits, 0 errors, 2 left on base; Kansas City 1 - Lincoln 1
TOP OF THE 2ND
Kansas City T-Bones batting - Pitching for Lincoln Saltdogs : RHP Manny Rodriguez
Batting: RHB Bryan Petrossian 0-0: Ground out 5-3 (Groundball, 56, EV 93.1 MPH)
Batting: LHB Ray Huzar 0-0: Ball
1-0: Foul Ball, location: 3SF
1-1: Swinging Strike
1-2: Ball
2-2: Ground out 5-3 (Groundball, 25, EV 89.4 MPH)
Batting: RHB Chris Linnemann 0-0: SINGLE (Line Drive, 9S, EV 90.6 MPH)
Batting: RHB A.J. Wilson 0-0: Ball
1-0: SINGLE (Line Drive, 89S, EV 104.4 MPH)
Chris Linnemann to second
Batting: LHB Russ Hailer 0-0: Ball
1-0: Swinging Strike
1-1: Swinging Strike
1-2: Ball
2-2: Fly out, F7 (Flyball, 7, EV 85.6 MPH)
Top of the 2nd over - 0 runs, 2 hits, 0 errors, 2 left on base; Kansas City 1 - Lincoln 1
BOTTOM OF THE 2ND
Lincoln Saltdogs batting - Pitching for Kansas City T-Bones : RHP Esteban Ibarra
Batting: LHB Gabriel Rodriguez 0-0: Called Strike
0-1: Fly out, F9 (Flyball, 89M, EV 91.3 MPH)
Batting: RHB Mark Lockhart 0-0: Ground out 4-3 (Groundball, 4, EV 89.4 MPH)
Batting: RHB Carlos Duran 0-0: Ball
1-0: Ball
2-0: Ball
3-0: Called Strike
3-1: Called Strike
3-2: Foul Ball, location: 2F
3-2: Base on Balls
Batting: RHB Omar Soliz 0-0: Ball
1-0: Called Strike
1-1: Swinging Strike
1-2: Ground out 1-3 (Groundball, 13S, EV 65.6 MPH)
Bottom of the 2nd over - 0 runs, 0 hits, 0 errors, 1 left on base; Kansas City 1 - Lincoln 1
TOP OF THE 3RD
Kansas City T-Bones batting - Pitching for Lincoln Saltdogs : RHP Manny Rodriguez
Batting: RHB Eric Webber 0-0: Swinging Strike
0-1: Swinging Strike
0-2: Strikes out swinging
Batting: LHB Daniel Iglesias 0-0: Called Strike
0-1: Ball
1-1: Called Strike
1-2: Foul Ball, location: 5FF
1-2: Foul Ball, location: 2F
1-2: Ball
2-2: Ball
3-2: Foul Ball, location: 23F
3-2: Foul Ball, location: 9LMF
3-2: Foul Ball, location: 7LSF
3-2: SOLO HOME RUN (Flyball, 9D, EV 99.4 MPH), Distance : 375 ft
Batting: SHB David Janecek 0-0: Ball
1-0: Called Strike
1-1: Foul Ball, location: 5DF
1-2: Strikes out looking
Batting: LHB Nate Wamsley 0-0: Ball
1-0: Foul Ball, location: 7LMF
1-1: Called Strike
1-2: Ball
2-2: Strikes out swinging
Top of the 3rd over - 1 run, 1 hit, 0 errors, 0 left on base; Kansas City 2 - Lincoln 1
BOTTOM OF THE 3RD
Lincoln Saltdogs batting - Pitching for Kansas City T-Bones : RHP Esteban Ibarra
Batting: RHB Jerry Warren 0-0: DOUBLE (Line Drive, 9LS, EV 109.4 MPH)
Batting: SHB Chris Klapp 0-0: Ball
1-0: Ball
2-0: Called Strike
2-1: Swinging Strike
2-2: Ball
3-2: Foul Ball, location: 2F
3-2: Base on Balls
Batting: SHB Salvador Coll 0-0: Ball
1-0: Ball
2-0: Ball
3-0: Base on Balls
Jerry Warren to third
Chris Klapp to second
Batting: RHB Shawn Homes 0-0: Called Strike
0-1: Foul Ball, location: 3DF
0-2: Hit by Pitch
Jerry Warren scores
Chris Klapp to third
Salvador Coll to second
Batting: LHB Bill Wilkins 0-0: Ball
1-0: Ball
2-0: Called Strike
2-1: Grounds into double play, 4-6-3 (Groundball, 4, EV 96.9 MPH)
Chris Klapp scores
Salvador Coll to third
Batting: LHB Gabriel Rodriguez 0-0: Called Strike
0-1: Ball
1-1: Foul Ball, location: 5F
1-2: Ball
2-2: Strikes out looking
Bottom of the 3rd over - 2 runs, 1 hit, 0 errors, 1 left on base; Kansas City 2 - Lincoln 3
TOP OF THE 4TH
Kansas City T-Bones batting - Pitching for Lincoln Saltdogs : RHP Manny Rodriguez
Pitching: RHP Luis Contreras
Batting: RHB Bryan Petrossian 0-0: Ball
1-0: Ball
2-0: Called Strike
2-1: Foul Ball, location: 2F
2-2: Fly out, F7 (Line Drive, 78M, EV 92.5 MPH)
Batting: LHB Ray Huzar 0-0: Fly out, F8 (Flyball, 8LM, EV 86.3 MPH)
Batting: RHB Chris Linnemann 0-0: Swinging Strike
0-1: Ball
1-1: Ball
2-1: Foul Ball, location: 25F
2-2: Foul Ball, location: 5F
2-2: Ball
3-2: Fly out, F4 (Line Drive, 4M, EV 72.5 MPH)
Top of the 4th over - 0 runs, 0 hits, 0 errors, 0 left on base; Kansas City 2 - Lincoln 3
BOTTOM OF THE 4TH
Lincoln Saltdogs batting - Pitching for Kansas City T-Bones : RHP Esteban Ibarra
Batting: RHB Mark Lockhart 0-0: Ball
1-0: Foul Ball, location: 7LMF
1-1: Foul Ball, location: 2RF
1-2: Strikes out swinging
Batting: RHB Carlos Duran 0-0: Ball
1-0: Ball
2-0: Swinging Strike
2-1: Fly out, F4 (Popup, 23, EV 89.4 MPH)
Pinch Hitting: SHB Fred Barczyk 0-0: Ball
1-0: Ball
2-0: Ball
3-0: Base on Balls
Pinch Hitting: RHB Bill Pollick 0-0: Ball
1-0: Fielders Choice at 2nd, 6-4 (Groundball, 6, EV 82.5 MPH)
Bottom of the 4th over - 0 runs, 0 hits, 0 errors, 1 left on base; Kansas City 2 - Lincoln 3
TOP OF THE 5TH
Kansas City T-Bones batting - Pitching for Lincoln Saltdogs : RHP Luis Contreras
Now at 1B: Winston Castro
Now at 2B: Eric McClaran
Now in CF: Fred Barczyk
Batting: RHB A.J. Wilson 0-0: Foul Ball, location: 5F
0-1: Ball
1-1: Foul Ball, location: 7LMF
1-2: Ball
2-2: Foul Ball, location: 5FF
2-2: Strikes out swinging
Batting: LHB Russ Hailer 0-0: Ball
1-0: Foul Ball, location: 2F
1-1: Called Strike
1-2: Foul Ball, location: 5F
1-2: Strikes out looking
Pinch Hitting: LHB Eric Anderson 0-0: Ball
1-0: Called Strike
1-1: Swinging Strike
1-2: Strikes out swinging
Top of the 5th over - 0 runs, 0 hits, 0 errors, 0 left on base; Kansas City 2 - Lincoln 3
BOTTOM OF THE 5TH
Lincoln Saltdogs batting - Pitching for Kansas City T-Bones : RHP Esteban Ibarra
Pitching: RHP Steve Mangan
Now at C: Jim Person
Now in CF: Eric Anderson
Batting: LHB Winston Castro 0-0: SOLO HOME RUN (Flyball, 89XD, EV 106.9 MPH), Distance : 420 ft
Batting: LHB Matt Doucette 0-0: Foul Ball, location: 5FF
0-1: Ball
1-1: Ball
2-1: SOLO HOME RUN (Flyball, 7D, EV 104.4 MPH), Distance : 418 ft
Batting: RHB Shawn Homes 0-0: Fly out, F7 (Flyball, 7D, EV 96.3 MPH)
Batting: LHB Bill Wilkins 0-0: Ground out 6-3 (Groundball, 6M, EV 103.8 MPH)
Batting: LHB Gabriel Rodriguez 0-0: Fly out, F7 (Flyball, 78S, EV 90.6 MPH)
Bottom of the 5th over - 2 runs, 2 hits, 0 errors, 0 left on base; Kansas City 2 - Lincoln 5
TOP OF THE 6TH
Kansas City T-Bones batting - Pitching for Lincoln Saltdogs : RHP Luis Contreras
Pitching: RHP Terrell Hagans
Pinch Hitting: RHB Adam Gebhard 0-0: Swinging Strike
0-1: Foul Ball, location: 9LDF
0-2: Ball
1-2: Ball
2-2: Strikes out swinging
Pinch Hitting: RHB Sal Rodas 0-0: Called Strike
0-1: Ball
1-1: Ground out 4-3 (Groundball, 4, EV 97.5 MPH)
Batting: RHB Chris Briggs 0-0: Ball
1-0: Called Strike
1-1: Foul Ball, location: 25F
1-2: Foul Ball, location: 2F
1-2: Strikes out swinging
Top of the 6th over - 0 runs, 0 hits, 0 errors, 0 left on base; Kansas City 2 - Lincoln 5
BOTTOM OF THE 6TH
Lincoln Saltdogs batting - Pitching for Kansas City T-Bones : RHP Steve Mangan
Pitching: RHP Jose Palacios
Now at 1B: Sal Rodas
Now in LF: Rich Russell
Now in RF: Adam Gebhard
Batting: RHB Mark Lockhart 0-0: Foul Ball, location: 5F
0-1: Foul Ball, location: 25F
0-2: Ball
1-2: Foul Ball, location: 23FF
1-2: Ball
2-2: Strikes out swinging
Batting: RHB Carlos Duran 0-0: Ball
1-0: Called Strike
1-1: Ball
2-1: Ball
3-1: Foul Ball, location: 23F
3-2: Foul Ball, location: 23F
3-2: Fly out, F9 (Flyball, 9D, EV 100.6 MPH)
Batting: SHB Fred Barczyk 0-0: Foul Ball, location: 2F
0-1: Swinging Strike
0-2: Ball
1-2: Ball
2-2: Ball
3-2: Strikes out swinging
Bottom of the 6th over - 0 runs, 0 hits, 0 errors, 0 left on base; Kansas City 2 - Lincoln 5
TOP OF THE 7TH
Kansas City T-Bones batting - Pitching for Lincoln Saltdogs : RHP Terrell Hagans
Pitching: RHP Steven Estes
Batting: RHB Bryan Petrossian 0-0: Ball
1-0: Ball
2-0: Called Strike
2-1: Swinging Strike
2-2: Strikes out swinging
Batting: LHB Rich Russell 0-0: Ball
1-0: Ball
2-0: Fly out, F3 (Popup, 23F, EV 92.5 MPH)
Batting: RHB Chris Linnemann 0-0: Ball
1-0: Swinging Strike
1-1: Ground out 4-3 (Groundball, 4, EV 94.4 MPH)
Top of the 7th over - 0 runs, 0 hits, 0 errors, 0 left on base; Kansas City 2 - Lincoln 5
BOTTOM OF THE 7TH
Lincoln Saltdogs batting - Pitching for Kansas City T-Bones : RHP Jose Palacios
Pitching: RHP Jordan Sandoval
Batting: RHB Eric McClaran 0-0: Foul Ball, location: 2F
0-1: SOLO HOME RUN (Flyball, 7LD, EV 94.4 MPH), Distance : 363 ft
Batting: LHB Winston Castro 0-0: Fly out, F8 (Flyball, 8RXD, EV 91.9 MPH)
Batting: LHB Matt Doucette 0-0: Ball
1-0: Ground out U3 (Groundball, 3, EV 104.4 MPH)
Batting: RHB Shawn Homes 0-0: SINGLE (Groundball, 6S, EV 69.4 MPH)
Batting: LHB Bill Wilkins 0-0: Ball
1-0: Swinging Strike
1-1: DOUBLE (Line Drive, 9LM, EV 108.8 MPH)
Shawn Homes to third
Runner from 3rd tries for Home, SAFE, throw by RF to trailing runner, SAFE at third!
Batting: LHB Gabriel Rodriguez 0-0: Fly out, F6 (Popup, 6, EV 61.9 MPH)
Bottom of the 7th over - 2 runs, 3 hits, 0 errors, 1 left on base; Kansas City 2 - Lincoln 7
TOP OF THE 8TH
Kansas City T-Bones batting - Pitching for Lincoln Saltdogs : RHP Steven Estes
Pitching: RHP Jeremy Wilkins
Batting: SHB Jim Person 0-0: Ball
1-0: Swinging Strike
1-1: Ball
2-1: Ball
3-1: Swinging Strike
3-2: Base on Balls
Batting: LHB Russ Hailer 0-0: Ball
1-0: Ball
2-0: Ball
3-0: Called Strike
3-1: Swinging Strike
3-2: Foul Ball, location: 5SF
3-2: Strikes out swinging
Batting: LHB Eric Anderson 0-0: Fly out, F6 (Popup, 6, EV 58.1 MPH)
Batting: RHB Adam Gebhard 0-0: Ball
1-0: Called Strike
1-1: Called Strike
1-2: Foul Ball, location: 25F
1-2: Strikes out swinging
Top of the 8th over - 0 runs, 0 hits, 0 errors, 1 left on base; Kansas City 2 - Lincoln 7
BOTTOM OF THE 8TH
Lincoln Saltdogs batting - Pitching for Kansas City T-Bones : RHP Jordan Sandoval
Pitching: RHP Cleto Facamelo
Batting: RHB Mark Lockhart 0-0: Swinging Strike
0-1: Ball
1-1: Swinging Strike
1-2: Strikes out swinging
Batting: RHB Carlos Duran 0-0: Foul Ball, location: 3F
0-1: Foul Ball, location: 9LSF
0-2: SINGLE (Groundball, 34D, EV 106.3 MPH)
Batting: SHB Fred Barczyk 0-0: Foul Ball, location: 5FF
0-1: Ball
1-1: Swinging Strike
1-2: Ball
2-2: Foul Ball, location: 2F
2-2: Ball
3-2: Foul Ball, location: 25F
3-2: Base on Balls
Carlos Duran to second
Batting: RHB Eric McClaran 0-0: Called Strike
0-1: Ball
1-1: Ball
2-1: Swinging Strike
2-2: Strikes out swinging
Batting: LHB Winston Castro 0-0: Foul Ball, location: 25F
0-1: Ball
1-1: Called Strike
1-2: Foul Ball, location: 7LMF
1-2: Strikes out swinging
Bottom of the 8th over - 0 runs, 1 hit, 0 errors, 2 left on base; Kansas City 2 - Lincoln 7
TOP OF THE 9TH
Kansas City T-Bones batting - Pitching for Lincoln Saltdogs : RHP Jeremy Wilkins
Pitching: RHP Steve Wicker
Batting: RHB Sal Rodas 0-0: Foul Ball, location: 2F
0-1: Ball
1-1: Foul Ball, location: 23FF
1-2: Reached on error, E5 (Line Drive, 6, EV 66.9 MPH)
Batting: RHB Chris Briggs 0-0: Foul Ball, location: 3F
0-1: Ball
1-1: Fielders Choice at 2nd, 6-4 (Groundball, 6, EV 87.5 MPH)
Batting: RHB Bryan Petrossian 0-0: Called Strike
0-1: Foul Ball, location: 2F
0-2: Strikes out looking
Batting: LHB Rich Russell 0-0: Called Strike
0-1: Foul Ball, location: 2RF
0-2: Foul Ball, location: 5FF
0-2: Foul Ball, location: 7LMF
0-2: Fly out, F9 (Flyball, 9D, EV 83.8 MPH)
Top of the 9th over - 0 runs, 0 hits, 1 error, 1 left on base; Kansas City 2 - Lincoln 7
Saturday, May 4th , 2024 - OOTP Baseball 24.11 Build 85